 Dungeon Crawl Stone Soup version 0.27-a0-59-gfbafd837a3 (webtiles) character file.

Game seed: 12232184142685104881

5863 Borgoz the Cudgeller (level 10, -12/94 HPs)
             Began as a Gargoyle Berserker on Jan 8, 2021.
             Was an Elder of Trog.
             Mangled by a death yak (17 damage)
             ... on level 9 of the Dungeon.
             The game lasted 00:10:39 (6397 turns).

Borgoz the Cudgeller (Gargoyle Berserker)           Turns: 6397, Time: 00:10:40

Health: -12/94     AC: 19    Str: 22    XL:     10   Next: 81%
Magic:  19/19      EV: 15    Int:  9    God:    Trog [****..]
Gold:   564        SH:  0    Dex: 12    Spells: 9/9 levels left

rFire    x . .     SeeInvis +   s - +12 war axe "Ygubu" {freeze, +Inv rElec rF- MP+9 Int+2}
rCold    . . .     Faith    .   (no shield)
rNeg     + + .     Spirit   .   F - +0 troll leather armour
rPois    ∞         Reflect  .   u - +4 helmet "Uqeuraikk" {rElec rN+ Regen+}
rElec    +         Harm     .   (no cloak)
rCorr    .         Rampage  .   (no gloves)
Will     +++..                  m - +0 pair of boots
Stlth    ..........             (no amulet)
HPRegen  2.05/turn              t - ring of see invisible
MPRegen  0.16/turn              D - ring of willpower

@: berserking, marked, regenerating, very quick
A: negative energy resistance 1, electricity resistance, unbreathing,
petrification resistance, miasma immunity, AC +7
a: Renounce Religion, Evoke Invisibility, Berserk, Trog's Hand, Brothers in Arms


You were on level 9 of the Dungeon.
You worshipped Trog.
Trog was greatly pleased with you.
You visited 2 branches of the dungeon, and saw 10 of its levels.

You collected 564 gold pieces.

Inventory:

Hand Weapons
 l - a +0 morningstar
 s - the +12 war axe "Ygubu" (weapon) {freeze, +Inv rElec rF- MP+9 Int+2}
   (You found it on level 6 of the Dungeon)

   It has been specially enchanted to freeze those struck by it, causing extra
   injury to most foes and up to half again as much damage against particularly
   susceptible opponents.
   It can also slow down cold-blooded creatures.
   It affects your intelligence (+2).
   It makes you vulnerable to fire.
   It insulates you from electricity.
   It affects your magic capacity (+9).
   It lets you turn invisible.
 v - a +2 whip of flaming
Armour
 a - a +0 helmet
 m - a +0 pair of boots (worn)
 u - the +4 helmet "Uqeuraikk" (worn) {rElec rN+ Regen+}
   (You found it on level 6 of the Dungeon)

   It insulates you from electricity.
   It protects you from negative energy.
   It increases your rate of regeneration.
 F - a +0 troll leather armour (worn)
Jewellery
 i - an uncursed ring of flight
 t - a ring of see invisible (left hand)
 A - an uncursed ring of fire
 B - an uncursed ring of positive energy
 D - a ring of willpower (right hand)
Wands
 h - a wand of polymorph (10)
 r - a wand of iceblast (18)
 x - a wand of random effects (34)
 C - a wand of paralysis (4)
Scrolls
 b - 2 scrolls of enchant armour
 d - a scroll of blinking
 e - 2 scrolls of enchant weapon
 f - a scroll of magic mapping
 k - 2 scrolls of fear
 p - 3 scrolls of remove curse
 y - 2 scrolls of teleportation
Potions
 c - 3 potions of heal wounds
 g - 2 potions of mutation
 j - a potion of might {unknown}
 n - 4 potions of curing {unknown}
 o - a potion of invisibility {unknown}
 q - a potion of brilliance {unknown}
 w - 2 potions of haste {unknown}
 z - a potion of ambrosia {unknown}
 E - a potion of flight {unknown}


   Skills:
 + Level 7.6 Fighting
 * Level 4.5(6.4) Axes
 - Level 7.7(8.4) Maces & Flails
 + Level 7.1 Armour
 * Level 7.6 Dodging
 - Level 5.0 Stealth


You had 9 spell levels left.
You didn't know any spells.
Your spell library was empty.

Dungeon Overview and Level Annotations

Branches:
Dungeon (9/15)             Temple (1/1) D:5
   Lair: D:8-11         Orc: D:9-12

Altars:
Ashenzari
Cheibriados
Dithmenos
Elyvilon
Fedhas
Gozag
Hepliaklqana
Makhleb
Nemelex Xobeh
Okawaru
Ru
Sif Muna
Trog
Uskayaw
Vehumet
Wu Jian
Xom
Yredelemnul
Zin
The Shining One

Shops:
D:8 *

Annotations:
D:5 1 runed translucent door, UristMcRaven's ghost, novice DECj


Innate Abilities, Weirdness & Mutations

You are resistant to torment.
Your stone body is resilient. (AC +7)
You are immune to poison.
You resist negative energy. (rN+)
You are resistant to electric shocks. (rElec)
You can survive without breathing.
You are immune to petrification.
You are immune to miasma.


Message History

You feel yourself moving faster!
You feel mighty! The centaur misses you. The death yak barely misses you.
The death yak gores you!!
* * * LOW HITPOINT WARNING * * *
You hit the death yak. You freeze the death yak.
The death yak is moderately wounded.
You slash the centaur! You freeze the centaur. You slash the death yak!
You freeze the death yak.
The centaur hits you but does no damage.
The death yak gores you!!
* * * LOW HITPOINT WARNING * * *
You slice the death yak!! You freeze the death yak!
The death yak is severely wounded.
You barely miss the centaur. You slash the death yak! You freeze the death yak.
You slash the quasit! You freeze the quasit. You slice the death yak!!
You freeze the death yak. The centaur hits you.
* * * LOW HITPOINT WARNING * * *
The death yak gores you.
* * * LOW HITPOINT WARNING * * *
The death yak gores you!
You die...

.............#
.............# ...
..#..........# ...
#.#..........# ....
.#.....#.#### ...
....#...###.######..
###.#.. #.......5#
.....#....#....YcYS#
..........#....5@Yr#
. ........##.......#
. #..#....##.......#
. #....[...........#
. #.........$......#
. #..........(.....#
. #................#
. #[##....##.......#
###.##....##.......#


You could see 3 death yaks, a water moccasin, a centaur, a quasit, a river rat
and a shadow imp.

Vanquished Creatures
  Pikel (D:6)
  A cyclops (D:9)
  Maggie (D:7)
  A troll (D:9)
  Grinder (D:5)
  5 yaks (D:9)
  The ghost of ThereIsNoGod the Ruffian, an amateur DrTm (D:3)
  Menkaure (D:7)
  A water moccasin (D:8)
  3 ice beasts
  3 orc warriors
  A sky beast (D:8)
  2 black bears (D:8)
  6 ogres
  3 centaurs
  A big kobold (D:7)
  5 bullfrogs
  A gnoll sergeant (D:9)
  2 scorpions
  A water moccasin skeleton (D:6)
  2 howler monkeys
  6 hounds
  A jelly (D:7)
  A bullfrog zombie (D:8)
  A centaur skeleton (D:6)
  3 orc priests
  3 bullfrog skeletons
  4 orc wizards
  An iguana (D:4)
  6 worker ants
  A hell rat (D:9)
  2 hound skeletons
  6 adders
  4 gnolls (D:5)
  A shadow imp (D:5)
  A white imp (D:8)
  3 ufetubi
  2 oozes
  2 adder skeletons
  2 dart slugs (D:2)
  8 leopard geckos
  25 orcs
  4 giant cockroaches
  9 goblins
  7 hobgoblins
  7 jackals
  4 quokkas
  2 ball pythons
  6 bats
  4 frilled lizards
  13 kobolds
  A leopard gecko zombie (D:5)
  9 rats
192 creatures vanquished.

Vanquished Creatures (others)
  2 plants (D:9)
  2 withered plants (D:5)
4 creatures vanquished.

Grand Total: 196 creatures vanquished

Notes
Turn   | Place    | Note
-------+----------+-------------------------------------------
     0 | D:1      | Borgoz the Gargoyle Berserker began the quest for the Orb.
     0 | D:1      | Reached XP level 1. HP: 14/14 MP: 1/1
   229 | D:1      | Reached XP level 2. HP: 11/19 MP: 2/2
   528 | D:1      | Reached skill level 1 in Stealth
   570 | D:1      | Reached XP level 3. HP: 20/23 MP: 3/3
   776 | D:1      | Reached ** piety under Trog
  1439 | D:2      | Reached XP level 4. HP: 28/28 MP: 4/4
  1932 | D:3      | Noticed ThereIsNoGod's ghost (amateur DrTm)
  1935 | D:3      | Found a transporter.
  1938 | D:3      | Found a transporter.
  2024 | D:3      | Found an opulent altar of Gozag.
  2291 | D:3      | Killed ThereIsNoGod's ghost
  2292 | D:3      | Reached XP level 5. HP: 20/33 MP: 5/5
  2292 | D:3      | Reached XP level 6. HP: 23/38 MP: 6/6
  2562 | D:4      | Reached *** piety under Trog
  2816 | D:4      | Found a basalt altar of Yredelemnul.
  3204 | D:4      | Found a white marble altar of Elyvilon.
  3236 | D:5      | Entered Level 5 of the Dungeon
  3255 | D:5      | Reached XP level 7. HP: 26/44 MP: 7/7
  3265 | D:5      | Reached skill level 5 in Maces & Flails
  3552 | D:5      | Found a runed translucent door.
  3557 | D:5      | Noticed UristMcRaven's ghost (novice DECj)
  3559 | D:5      | Noticed Grinder
  3570 | D:5      | Paralysed by Grinder for 4 turns
  3580 | D:5      | Paralysed by Grinder for 3 turns
  3593 | D:5      | Paralysed by Grinder for 6 turns
  3623 | D:5      | Killed Grinder
  3624 | D:5      | Reached XP level 8. HP: 29/48 MP: 8/8
  3727 | D:5      | Found a hazy altar of Hepliaklqana.
  3770 | D:5      | Found a staircase to the Ecumenical Temple.
  3776 | Temple   | Entered the Ecumenical Temple
  3979 | D:5      | Reached skill level 5 in Fighting
  4192 | D:5      | Found a hide-covered altar of Uskayaw.
  4441 | D:6      | Found a bloodstained altar of Trog.
  4505 | D:6      | Noticed Pikel
  4516 | D:6      | Killed Pikel
  4517 | D:6      | Reached skill level 5 in Armour
  4517 | D:6      | Reached skill level 5 in Dodging
  4517 | D:6      | Reached XP level 9. HP: 55/55 MP: 9/9
  4715 | D:6      | Found a shadowy altar of Dithmenos.
  4856 | D:6      | Got a transparent war axe
  4857 | D:6      | Identified the +12 war axe "Ygubu" {freeze, +Inv rElec rF-
                  | MP+9 Int+2} (You found it on level 6 of the Dungeon)
  4869 | D:6      | Got a brightly glowing helmet
  4880 | D:6      | Identified the +4 helmet "Uqeuraikk" {rElec rN+ Regen+}
                  | (You found it on level 6 of the Dungeon)
  4952 | D:6      | Reached skill level 5 in Stealth
  5111 | D:7      | Noticed Menkaure
  5119 | D:7      | Killed Menkaure
  5173 | D:7      | Noticed Maggie
  5184 | D:7      | Killed Maggie
  5200 | D:7      | Reached **** piety under Trog
  5260 | D:7      | Found a hazy altar of Hepliaklqana.
  5539 | D:8      | Found an iron altar of Okawaru.
  5553 | D:8      | Reached skill level 1 in Axes
  5572 | D:8      | Reached XP level 10. HP: 38/61 MP: 10/10
  5796 | D:8      | Found Beofai's Lightly-Used Armoury.
  5842 | D:8      | Found a broken altar of Ashenzari.
  6184 | D:9      | Noticed a cyclops
  6203 | D:9      | Killed a cyclops
  6386 | D:9      | Noticed a death yak
  6386 | D:9      | Noticed a death yak
  6390 | D:9      | Noticed a death yak
  6397 | D:9      | Mangled by a death yak

Illustrated notes

Levels and vault maps discovered:
D:1:      dpeg_arrival_tiny_i, layout_loops_ring
D:2:      layout_basic
D:3:      wander_river, layout_loops_ring, gammafunk_ghost_arena,
          nicolae_gozag_seed_capital
D:4:      layout_basic, kennysheep_ying_yang
D:5:      kennysheep_six_static_rooms, layout_basic, marbit_many_paths,
          nicolae_overflow_hidden_temple, minmay_temple_entry_grid,
          gammafunk_ghost_grave, minivault_4, uniq_grinder
D:6:      layout_rooms, grunt_dithmenos_smoke_and_mirrors,
          kennysheep_little_box, uniq_pikel
D:7:      layout_cave_pools, basic_altar, serial_column_ruins,
          column_ruins_grid_1, column_ruins_columns_straight,
          column_ruins_columns_corner, column_ruins_grid_1,
          column_ruins_open_tiny, fountainhead, uniq_menkaure, uniq_maggie
D:8:      wad_pebble_path, layout_rooms, lemuel_round_altar,
          kennysheep_okawaru_gauntlet, serial_rivers,
          chequers_serial_rivers_small_3, chequers_serial_rivers_micro_b,
          chequers_serial_rivers_large_a, chequers_serial_rivers_micro_c,
          minmay_shop_damaged
D:9:      hangedman_cross_stitches, layout_gridville, kennysheep_mini_moat,
          lemuel_mausoleum_altar_kikubaaqudgha, dpeg_lair_monsters,
          serial_bayou_pond_b
Temple:   nicolae_temple_hex_pool

Skill      XL: |  1  2  3  4  5  6  7  8  9 10 |
---------------+-------------------------------+-----
Stealth        | 1 2 3 4 5 |  5.0
Dodging        | 2 3 4 5 6 7 |  7.6
Fighting       | 4 5 6 7 |  7.6
Maces & Flails | 4 5 6 7 |  7.7
Armour         | 3 4 5 6 7 |  7.1
Axes           | 1 4 |  4.5

Action                   |  1- 3 |  4- 6 |  7- 9 | 10-12 || total
-------------------------+-------+-------+-------+-------++-------
Melee: Mace              |   113 |    35 |       |       ||   148
       Morningstar       |       |   118 |   166 |       ||   284
       War axe           |       |       |    80 |   100 ||   180
       Whip              |       |       |    21 |       ||    21
Invok: Trog's Hand       |       |       |     3 |     1 ||     4
       Berserk           |       |       |     2 |     1 ||     3
Evoke: Wand              |       |       |     5 |       ||     5
  Use: Scroll            |     1 |    11 |     6 |     1 ||    19
       Potion            |       |       |     1 |     1 ||     2
Armor: Animal skin       |    17 |       |       |       ||    17
       Plate armour      |    46 |   155 |   236 |    80 ||   517
       Troll leather arm |       |       |       |     4 ||     4
Dodge: Dodged            |    62 |    87 |   127 |    71 ||   347

Table legend: (Time is in decaauts)
 A = Elapsed time spent in this place.
 B = Non-inter-level travel time spent in this place.
 C = Inter-level travel time spent in this place.
 D = Time resting spent in this place.
 E = Time spent auto-exploring this place.
 F = Levels seen in this place.
 G = Mean time per level.
                   A        B        C        D        E       F      G
               +--------+--------+--------+--------+--------+-----+--------+
         Total |   6581 |   6337 |    244 |    684 |   4165 |  10 |  658.1 |
       Dungeon |   6485 |   6261 |    224 |    684 |   4090 |   9 |  720.6 |
        Temple |     95 |     75 |     20 |      0 |     75 |   1 |   95.0 |
               +--------+--------+--------+--------+--------+-----+--------+

Top non-repeatable levels by time:
     D:5: 1106 daAuts
     D:1: 925 daAuts
     D:3: 894 daAuts
     D:4: 805 daAuts
     D:2: 688 daAuts
     D:6: 685 daAuts
     D:8: 666 daAuts
     D:7: 454 daAuts
     D:9: 258 daAuts
  Temple: 95 daAuts
